 Dungeon Crawl Stone Soup version 0.31-a0-188-g5e087ee2ca (webtiles) character file.

Game seed: 12928062996594582735

76 qw the Shooter (level 4, -1/25 HPs)
             Began as a Deep Elf Hunter on June 23, 2023.
             Succumbed to an adder's poison
             ... on level 2 of the Dungeon.
             The game lasted 00:00:24 (853 turns).

qw the Shooter (Deep Elf Hunter)                     Turns: 853, Time: 00:00:24

Health: -1/25      AC:  7    Str: 10    XL:     4   Next: 12%
Magic:  6/6        EV:  9    Int: 14    God:
Gold:   98         SH:  0    Dex: 18    Spells: 3/3 levels left

rFire   . . .        Y - +0 shortbow
rCold   . . .        (shield currently unavailable)
rNeg    . . .        e - +0 scale mail
rPois   .            (no helmet)
rElec   .            (no cloak)
rCorr   .            (no gloves)
SInv    .            h - +0 pair of boots
Will    .....        (no amulet)
Stlth   +            (no ring)
HPRegen 0.24/turn    (no ring)
MPRegen 0.10/turn

%: no passive effects
@: lethally poisoned (-1 -> -6)
A: no striking features
a: no special abilities


You were on level 2 of the Dungeon.
You visited 1 branch of the dungeon, and saw 2 of its levels.

You collected 98 gold pieces.


   Skills:
 - Level 1.5 Fighting
 + Level 7.5 Ranged Weapons
 - Level 2.4 Dodging
 - Level 1.2 Stealth


You had 3 spell levels left.
You didn't know any spells.
Your spell library was empty.

Inventory:

Hand Weapons
 Y - a +0 shortbow (weapon)
Armour
 e - a +0 scale mail (worn)
 h - a +0 pair of boots (worn)
Jewellery
 d - a ring of fire
Scrolls
 b - 2 scrolls of identify {unknown}
Potions
 a - a potion of mutation {unknown}
 g - a potion of curing {unknown}

Dungeon Overview and Level Annotations

Branches:
Dungeon (2/15)

Altars:


Message History

The bat barely misses you.
You shoot an arrow. The arrow closely misses the bat.
The bat barely misses you. The bat hits you but does no damage.
You shoot an arrow. The arrow hits the bat!
You kill the bat!
An adder comes into view.
The adder hisses angrily.
Enter note: You shoot an arrow.
The arrow closely misses the adder.
You shoot an arrow. The arrow closely misses the adder.
You shoot an arrow. The arrow barely misses the adder.
The adder barely misses you. x2
You shoot an arrow.
The arrow hits the adder but does no damage.
The adder bites you.
You are poisoned.
The adder poisons you!
You shoot an arrow. The arrow hits the adder.
The adder is lightly wounded.
You feel sick. The adder barely misses you. The adder closely misses you.
You shoot an arrow. The arrow barely misses the adder.
You feel sick. The adder bites you. x2
You are more poisoned.
The adder poisons you!
You shoot an arrow. The arrow barely misses the adder.
You feel very sick. The adder completely misses you. The adder bites you.
You are lethally poisoned!
The adder poisons you!
You shoot an arrow. The arrow closely misses the adder.
You feel very sick. The adder barely misses you.
You shoot an arrow. The arrow closely misses the adder.
You feel very sick. The adder barely misses you. The adder bites you.
You shoot an arrow. The arrow barely misses the adder.
You feel sick. The adder barely misses you.
The adder bites you but does no damage.
You shoot an arrow. The arrow closely misses the adder.
You die...

#.#.#
######.#%#
#......>.#
#.#.######
#.#.##
#....#
####.###
#...#
###@#
#.S.....#
#########


You could see an adder.

Vanquished Creatures
  3 gnolls (D:2)
  A dart slug (D:1)
  2 ball pythons (D:1)
  2 endoplasms
  3 giant cockroaches
  3 goblins
  3 hobgoblins (D:1)
  7 kobolds
  4 quokkas (D:1)
  9 bats
  A frilled lizard (D:2)
  2 rats (D:1)
40 creatures vanquished.

Notes
Turn   | Place    | Note
-------+----------+-------------------------------------------
     0 | D:1      | qw the Deep Elf Hunter began the quest for the Orb.
     0 | D:1      | Reached XP level 1. HP: 12/12 MP: 3/3
     0 | D:1      | 0 ||| qw: Version: 0.3-a-9-g12657ce
     0 | D:1      | 0 ||| qw: Game counter: 4317
     0 | D:1      | 0 ||| qw: Always use a shield: true
     0 | D:1      | 0 ||| qw: God list: Okawaru
     0 | D:1      | 0 ||| qw: Allow faded altars: false
     0 | D:1      | 0 ||| qw: Do Orc after D:15 true
     0 | D:1      | 0 ||| qw: Do second Lair branch before Depths: true
     0 | D:1      | 0 ||| qw: Lair rune preference: random
     0 | D:1      | 0 ||| qw: Plans: Normal
     0 | D:1      | 0 ||| PLANNING D:1-11
    99 | D:1      | Reached skill level 6 in Ranged Weapons
    99 | D:1      | Reached XP level 2. HP: 16/16 MP: 4/4
   416 | D:1      | Reached XP level 3. HP: 20/20 MP: 5/5
   542 | D:1      | 542 ||| UPGRADING to +0 scale mail.
   552 | D:1      | 552 ||| DROPPING +0 leather armour.
   553 | D:1      | 553 ||| UPGRADING to +0 pair of boots.
   558 | D:1      | 558 ||| READING scroll labelled XUOP NIARAZEMP.
   563 | D:1      | 563 ||| DROPPING scroll of butterflies.
   641 | D:2      | Found a faded altar of an unknown god.
   677 | D:2      | Reached skill level 7 in Ranged Weapons
   686 | D:2      | HP: 4/20 [gnoll/+0 halberd (12)]
   688 | D:2      | Reached XP level 4. HP: 6/25 MP: 6/6
   851 | D:2      | HP: 4/25 [poisoned by an adder]
   852 | D:2      | HP: 1/25 [poisoned by an adder]
   853 | D:2      | Succumbed to an adder's poison

Levels and vault maps discovered:
D:1:      lightli_arrival_maybe_door_vault, layout_loops_ring,
          minmay_hexomino_u4
D:2:      layout_basic, hellmonk_ecumenical_altar_leap_of_faith

Skill      XL: |  1  2  3 |
---------------+----------+-----
Ranged Weapons | 6 7 |  7.5
Fighting       | |  1.5
Dodging        | |  2.4
Stealth        | |  1.2

Action                     |  1- 3 |  4- 6 || total
---------------------------+-------+-------++-------
   Fire: Shortbow          |    81 |    30 ||   111
    Use: Scroll            |     1 |       ||     1
 Armour: Leather armour    |     2 |       ||     2
         Scale mail        |    14 |    15 ||    29
  Dodge: Dodged            |    24 |    16 ||    40

Table legend:
 A = Non-vault XP
 B = Vault XP
 C = Vault XP percentage of total XP
 D = Non-vault monster count
 E = Vault monster count
 F = Vault count percentage of total count
                 A         B        C        D         E       F
            +---------+---------+-------+---------+---------+-------
      Total |     104 |       5 |   4.6 |      37 |       3 |   7.5
            +---------+---------+-------+---------+---------+-------
        D:1 |      41 |       5 |  10.9 |      23 |       3 |  11.5
        D:2 |      63 |       0 |   0.0 |      14 |       0 |   0.0
            +---------+---------+-------+---------+---------+-------
